 Dungeon Crawl Stone Soup version 0.31-a0-750-gfe7b580527 (webtiles) character file.

Game seed: 13049946799776548545

82572 Dirtsage the Severer (level 15, -11/180 HPs)
             Began as a Demonspawn Berserker on Sept 15, 2023.
             Was the Champion of Trog.
             Mangled by an orc knight
             ... wielding a +0 glaive
              (28 damage)
             ... on level 12 of the Dungeon.
             The game lasted 00:52:33 (20788 turns).

Dirtsage the Severer (Demonspawn Berserker)        Turns: 20788, Time: 00:52:33

Health: -11/180    AC: 19    Str: 23    XL:     15   Next: 29%
Magic:  0/15       EV: 12    Int:  8    God:    Trog [******]
Gold:   846        SH:  6    Dex: 12    Spells: 14/14 levels left

rFire   + + +        w - +5 broad axe (flame)
rCold   + . .        z - +0 buckler
rNeg    . . .        O - +2 chain mail {rF+}
rPois   .            j - +2 hat
rElec   .            H - +2 cloak {rCorr}
rCorr   +            (no gloves)
SInv    .            (boots unavailable)
Will    +++..        k - amulet of regeneration Stlth
                     p - ring "Noptap Kiop" {rF+++ rC+ rCorr Dex-3 Stlth+}
HPRegen 2.30/turn    M - +4 ring of protection
MPRegen 0.28/turn

%: repel missiles, guardian spirit
@: berserking, strong-willed, regenerating, very quick
A: hooves 3, repulsion field 3, demonic guardian 1, magic shield, magic
regeneration, screaming 1
a: Renounce Religion, Berserk, Trog's Hand, Brothers in Arms


You were on level 12 of the Dungeon.
You worshipped Trog.
Trog was exalted by your worship.
You visited 4 branches of the dungeon, and saw 20 of its levels.
You also visited: Volcano.

You collected 2846 gold pieces.
You spent 2000 gold pieces at shops.

Inventory:

Hand Weapons
 w - a +5 broad axe of flaming (weapon)
 F - a +8 war axe of freezing
Missiles
 E - 2 throwing nets
Armour
 j - a +2 hat (worn)
 x - the +6 scale mail of Resonance {Dex+6}
   (You found it on level 4 of the Dungeon)

   Dex+6:     It affects your dexterity (+6).
 z - a +0 buckler (worn)
 H - a +2 cloak of preservation (worn)
 O - a +2 chain mail of fire resistance (worn)
Jewellery
 k - an amulet of regeneration (around neck)
 p - the ring "Noptap Kiop" (left hand) {rF+++ rC+ rCorr Dex-3 Stlth+}
   (You bought it in a shop on level 2 of the Orcish Mines)

   [ring of protection from cold]

   Dex-3:     It affects your dexterity (-3).
   rF+++:     It renders you almost immune to fire.
   rC+:       It protects you from cold.
   rCorr:     It protects you from acid and corrosion.
   Stlth+:    It makes you more stealthy.
 M - a +4 ring of protection (right hand)
 P - a ring of poison resistance
 R - a +6 ring of intelligence
 S - a ring of see invisible
 W - a +6 ring of strength
Wands
 u - a wand of paralysis (12)
 y - a wand of light (9)
 C - a wand of roots (8)
 D - a wand of digging (3)
 I - a wand of flame (43)
 K - a wand of polymorph (4)
Scrolls
 a - 4 scrolls of poison
 g - 3 scrolls of fear
 i - 3 scrolls of identify
 m - 5 scrolls of torment
 o - 6 scrolls of vulnerability
 t - 7 scrolls of teleportation
 v - 2 scrolls of fog
 B - 3 scrolls of blinking
 J - 4 scrolls of noise
 N - 4 scrolls of revelation
 V - a scroll of enchant weapon
 Y - 2 scrolls of immolation
Potions
 b - 2 potions of enlightenment
 c - 5 potions of lignification
 d - 2 potions of might
 e - 4 potions of attraction
 f - 6 potions of invisibility
 h - 3 potions of haste
 l - 4 potions of heal wounds
 n - 4 potions of resistance
 q - 10 potions of curing
 s - 2 potions of berserk rage
 A - 2 potions of ambrosia
 L - 2 potions of mutation
 U - 2 potions of cancellation
Miscellaneous
 Q - a sack of spiders


   Skills:
 + Level 11.7 Fighting
 * Level 18.1 Axes
 - Level 1.7 Armour
 - Level 1.7 Dodging
 + Level 10.3 Shields
 + Level 11.2 Evocations
 * Level 2.4 Shapeshifting


You had 14 spell levels left.
You didn't know any spells.
Your spell library contained the following spells:

 Spells                   Type           Power      Damage    Failure   Level
 Apportation              Tloc           0%         N/A       97%         1
 Kiss of Death            Conj/Necr      0%         2d5       97%         1
 Necrotise                Necr           0%         1d4       97%         1
 Summon Small Mammal      Summ           0%         N/A       97%         1
 Blink                    Tloc           0%         N/A       99%         2
 Ensorcelled Hibernation  Hex/Ice        0%         N/A       99%         2
 Jinxbite                 Hex            0%         N/A       99%         2
 Passwall                 Tmut/Erth      0%         N/A       99%         2
 Call Canine Familiar     Summ           0%         N/A       100%        3
 Confusing Touch          Hex            0%         N/A       100%        3
 Dazzling Flash           Conj/Hex       0%         N/A       100%        3
 Sigil of Binding         Hex            0%         N/A       100%        3
 Swiftness                Air            0%         N/A       100%        3
 Volatile Blastmotes      Fire/Tloc      0%         2d10      100%        3
 Anguish                  Hex/Necr       0%         N/A       100%        4
 Cause Fear               Hex            0%         N/A       100%        4
 Dimensional Bullseye     Hex/Tloc       0%         N/A       100%        4
 Dispel Undead            Necr           0%         3d6       100%        4
 Leda's Liquefaction      Hex/Erth       0%         N/A       100%        4
 Manifold Assault         Tloc           0%         N/A       100%        4
 Alistair's Intoxication  Tmut/Pois      0%         N/A       100%        5
 Fireball                 Conj/Fire      0%         3d3       100%        5
 Lee's Rapid Deconstruct  Erth           0%         3d4*      100%        5
 Leda's Unmaking          Conj/Erth      0%         9d1       100%        6
 Simulacrum               Ice/Necr       0%         N/A       100%        6
 Starburst                Conj/Fire      0%         6d3       100%        6
 Ozocubu's Refrigeration  Ice            0%         4d7       100%        7
 Maxwell's Capacitive Co  Air            0%         ∞         100%        8
 Dragon's Call            Summ           0%         N/A       100%        9
 Polar Vortex             Ice            0%         N/A       100%        9


Dungeon Overview and Level Annotations

Branches:
Dungeon (12/15)            Temple (1/1) D:5            Lair (5/5) D:9
  Swamp (0/4) Lair:3        Snake (0/4) Lair:2        Slime (0/5) Lair:5
    Orc (2/2) D:12            Elf (0/3) Orc:2       Volcano (visited)

Altars:
Ashenzari
Cheibriados
Dithmenos
Fedhas
Gozag
Hepliaklqana
Kikubaaqudgha
Makhleb
Nemelex Xobeh
Okawaru
Qazlal
Ru
Sif Muna
Trog
Uskayaw
Vehumet
Wu Jian
Xom
Yredelemnul
Jiyva

Shops:
D:1 !   D:8 *   Orc:1 !(?*:   Orc:2 =([*

Portals:
Trove: D:12 (give 11 potions of heal wounds)

Annotations:
D:8 2 transporters
D:12 corvin's ghost, journeyman DgWn


Innate Abilities, Weirdness & Mutations

You have hooves in place of feet.
You are surrounded by a strong repulsion field. (EV +4, RMsl)
A weak demonic guardian rushes to your aid.
When hurt, damage is shared between your health and your magic reserves.
You regenerate magic rapidly.
You occasionally shout uncontrollably at your foes.


Message History

You slash the tengu warrior! You burn the tengu warrior.
The tengu warrior closely misses you.
The tengu warrior pecks you but does no damage.
The tengu warrior claws you but does no damage.
You regained 2 hp, and now have 70/180 hp.
You closely miss corvin's ghost.
Corvin's ghost is moderately damaged.
The tengu warrior blocks your attack.
Your orange demon barely misses corvin's ghost.
Your orange demon completely misses corvin's ghost.
The orc warrior hits you from afar with a +3 glaive!
Corvin's ghost hits you.
* * * LOW HITPOINT WARNING * * *
The orc knight hits you from afar with a +0 glaive!!
* * * LOW HITPOINT WARNING * * *
The orc warrior misses you.
You take 41 damage, and have 29/180 hp.
MASSIVE DAMAGE!!
You now have 2/15 mp.
You swap places.
The tengu warrior hits your orange demon with a +0 war axe!
The tengu warrior pecks your orange demon.
The tengu warrior claws your orange demon.
Your orange demon closely misses corvin's ghost. x2
You regained 2 hp, and now have 31/180 hp.
You miss corvin's ghost.
Corvin's ghost is moderately damaged.
The orc warrior hits you from afar with a +3 glaive.
* * * LOW HITPOINT WARNING * * *
Corvin's ghost hits you but does no damage.
The orc knight hits you from afar with a +0 glaive!
* * * LOW HITPOINT WARNING * * *
You take 16 damage, and have 15/180 hp.
You now have 1/15 mp.
The tengu warrior hits your orange demon with a +0 war axe!
The tengu warrior pecks your orange demon.
The tengu warrior claws your orange demon but does no damage.
The tengu warrior blocks your orange demon's attack.
Your orange demon hits the tengu warrior but does no damage.
Corvin's ghost attacks as it pursues you!
Corvin's ghost hits you but does no damage.
The orc knight hits you from afar with a +0 glaive!!
You die...

#......#### #......# ####.
##'##### ###.#### #. #.....##
#.# #. #####..# #.# #.
######.## #.# #.
#.......######.####### #.
#....................#### #.
#.......##.........#....## #.
#.......##..@W4)...####..###>
#.......#####''Q#### ##....)
#.......##...ooo...# #####.
#.......##.#8.o.8#.# #.
#.......##.........# #.
###.######.#8...8#.# #. #...#
#...))[...# #. ####.######
#/..#_#[..# #. #.........# #.


You could see an orc knight (strong), a tengu warrior (ally target), 3 orc
warriors, corvin's ghost and a friendly orange demon (summoned).

Vanquished Creatures
  2 orc warlords
  5 hydras
  3 catoblepae (Lair:5)
  A centaur warrior (D:12)
  A boulder beetle (D:11)
  2 two-headed ogres (Orc:2)
  10 death yaks
  4 orc high priests (Orc:2)
  Amaemon (Lair:1)
  A salamander mystic (Volcano)
  A slime creature (D:12)
  2 lindwurms (Lair:5)
  7 orc knights
  An oklob plant (Lair:5)
  4 manticores
  7 orc sorcerers
  7 salamanders
  16 elephants
  5 black mambas
  2 gargoyles
  Maggie (D:7)
  6 cane toads
  A kobold demonologist (D:12)
  6 komodo dragons
  6 rime drakes
  An orange demon (Lair:1)
  A guardian mummy (D:12)
  10 polar bears
  7 trolls
  2 dream sheep (Lair:5)
  15 blink frogs
  2 shadows
  3 wraiths
  57 yaks
  4 wyverns
  A vampire (D:9)
  7 basilisks
  A steam dragon (D:8)
  10 wargs
  Menkaure (D:7)
  3 nagas (Lair:2)
  13 water moccasins
  3 acid dragons
  17 hell hounds (Lair:5)
  45 orc warriors
  A sky beast (D:7)
  A swamp drake (D:9)
  An ice beast (D:6)
  21 ogres
  15 black bears
  23 wolves
  5 centaurs
  3 phantoms
  2 kobold brigands
  12 bullfrogs
  A gnoll sergeant (D:11)
  6 scorpions
  12 wights
  15 killer bees
  4 howler monkeys
  34 orc priests
  A hound (D:6)
  A jelly (D:5)
  A gnoll bouda (D:7)
  3 sleepcaps
  2 iguanas
  5 hell rats (Lair:4)
  16 orc wizards
  11 gnolls
  6 adders
  A shadow imp (D:8)
  2 white imps
  4 ufetubi
  3 worms
  3 dart slugs
  91 orcs
  5 bats
  6 endoplasms
  2 giant cockroaches
  2 goblins
  7 hobgoblins
  7 jackals
  2 quokkas
  7 ball pythons
  5 frilled lizards
  16 kobolds
  4 rats
674 creatures vanquished.

Vanquished Creatures (collateral kills)
  A red draconian (Volcano)
  A fire dragon (shapeshifter) (D:12)
  A hydra (Lair:4)
  A death yak (Lair:4)
  A yak (Lair:4)
  An orc warrior (Orc:2)
  An orc (Orc:1)
7 creatures vanquished.

Grand Total: 681 creatures vanquished

Notes
Turn   | Place    | Note
-------+----------+-------------------------------------------
     0 | D:1      | Dirtsage the Demonspawn Berserker began the quest for the
                  | Orb.
     0 | D:1      | Reached XP level 1. HP: 18/18 MP: 1/1
    89 | D:1      | Found Fuots's Distillery.
   163 | D:1      | Reached skill level 3 in Axes
   276 | D:1      | Gained mutation: You have large cloven feet. [demonic
                  | ancestry]
   276 | D:1      | Reached XP level 2. HP: 24/24 MP: 2/2
   877 | D:1      | Reached XP level 3. HP: 29/29 MP: 3/3
  1042 | D:2      | Reached skill level 4 in Axes
  1059 | D:2      | Reached ** piety under Trog
  1746 | D:3      | Reached XP level 4. HP: 30/35 MP: 2/4
  1922 | D:3      | Identified the +8 dagger of Jipusene {flame, Str+3}
  2530 | D:4      | Reached skill level 5 in Axes
  2541 | D:4      | Gained mutation: You have hoof-like feet. [demonic
                  | ancestry]
  2541 | D:4      | Reached XP level 5. HP: 37/41 MP: 5/5
  2551 | D:4      | Identified the +6 scale mail of Resonance {Dex+6}
  2645 | D:4      | Reached skill level 6 in Axes
  2835 | D:4      | Reached XP level 6. HP: 45/47 MP: 6/6
  3005 | D:4      | Reached *** piety under Trog
  3035 | D:5      | Entered Level 5 of the Dungeon
  3151 | D:5      | Reached skill level 7 in Axes
  3260 | D:5      | Found a staircase to the Ecumenical Temple.
  3267 | Temple   | Entered the Ecumenical Temple
  3325 | D:5      | Found a snail-covered altar of Cheibriados.
  3491 | D:5      | Gained mutation: You regenerate magic rapidly. [demonic
                  | ancestry]
  3491 | D:5      | Reached XP level 7. HP: 45/52 MP: 4/7
  3714 | D:6      | Reached skill level 8 in Axes
  3816 | D:6      | Found a sparkling altar of Nemelex Xobeh.
  3885 | D:6      | Reached skill level 9 in Axes
  3885 | D:6      | Gained mutation: When hurt, damage is shared between your
                  | health and your magic reserves. [demonic ancestry]
  3885 | D:6      | Reached XP level 8. HP: 58/58 MP: 5/8
  4087 | D:6      | Found a broken altar of Ashenzari.
  4325 | D:7      | Found an opulent altar of Gozag.
  4381 | D:7      | Identified the +1 robe of Cheibriados's Favour {+Inv rF++
                  | Regen+ Dex-2}
  4397 | D:7      | Reached skill level 10 in Axes
  4469 | D:7      | Noticed Menkaure
  4475 | D:7      | Killed Menkaure
  4543 | D:7      | Found a shadowy altar of Dithmenos.
  4603 | D:7      | Reached **** piety under Trog
  4861 | D:7      | Noticed Maggie
  4877 | D:7      | Killed Maggie
  4878 | D:7      | Reached skill level 11 in Axes
  4878 | D:7      | Gained mutation: A weak demonic guardian rushes to your
                  | aid. [demonic ancestry]
  4878 | D:7      | Reached XP level 9. HP: 44/63 MP: 5/9
  5418 | D:8      | Reached skill level 12 in Axes
  5571 | D:8      | Found Woeskug's Assorted Antiques.
  5626 | D:8      | Bought a scroll labelled LOWNATEIHE for 29 gold pieces
  5626 | D:8      | Bought a glowing scarf for 232 gold pieces
  5626 | D:8      | Bought a scroll labelled QIUXUE QEUSTIH for 29 gold pieces
  5892 | D:8      | Reached skill level 1 in Evocations
  5893 | D:8      | Reached skill level 1 in Shields
  5929 | D:8      | Found a transporter.
  5939 | D:8      | Found a transporter.
  5941 | D:8      | Found a transporter.
  6011 | D:8      | Found a transporter.
  6581 | D:9      | Noticed a troll
  6594 | D:9      | Killed a troll
  6595 | D:9      | Gained mutation: You have hooves in place of feet. [demonic
                  | ancestry]
  6595 | D:9      | Reached XP level 10. HP: 57/71 MP: 8/10
  6693 | D:9      | Reached skill level 13 in Axes
  6923 | D:9      | Found a staircase to the Lair.
  6939 | D:9      | Reached ***** piety under Trog
  6950 | D:9      | Reached skill level 5 in Fighting
  7206 | D:9      | Found an iron altar of Okawaru.
  7619 | D:10     | Entered Level 10 of the Dungeon
  7663 | D:10     | Received a gift from Trog
  7698 | D:10     | Found a hide-covered altar of Uskayaw.
  7878 | D:10     | Gained mutation: You are surrounded by a mild repulsion
                  | field. (EV +2) [demonic ancestry]
  7878 | D:10     | Reached XP level 11. HP: 81/81 MP: 11/11
  7887 | D:10     | Found a stormy altar of Qazlal.
  8390 | D:11     | Reached skill level 5 in Evocations
  8785 | D:11     | Noticed a boulder beetle
  8795 | D:11     | Killed a boulder beetle
  8796 | D:11     | Reached skill level 5 in Shields
  9395 | D:12     | Found a runed translucent gate.
  9395 | D:12     | Found a runed translucent gate.
  9395 | D:12     | Found a runed translucent gate.
  9396 | D:12     | Noticed a centaur warrior
  9396 | D:12     | Noticed an orc knight
  9397 | D:12     | Noticed an orc knight
  9400 | D:12     | Noticed a tengu warrior
  9401 | D:12     | Noticed corvin's ghost (journeyman DgWn)
  9403 | D:12     | Found an iron altar of Okawaru.
  9541 | D:12     | Found a staircase to the Orcish Mines.
  9542 | D:12     | Noticed a fire dragon
  9552 | D:12     | Killed a fire dragon
  9553 | D:12     | Reached skill level 14 in Axes
  9935 | D:12     | Gained mutation: You occasionally shout uncontrollably at
                  | your foes. [a neqoxec]
 10104 | Lair:1   | Entered Level 1 of the Lair of Beasts
 10270 | Lair:1   | Gained mutation: You are surrounded by a moderate repulsion
                  | field. (EV +3) [demonic ancestry]
 10270 | Lair:1   | Reached XP level 12. HP: 67/91 MP: 9/12
 10561 | Lair:1   | Noticed Amaemon
 10570 | Lair:1   | Killed Amaemon
 11117 | Lair:2   | Reached skill level 15 in Axes
 11544 | Lair:2   | Found a staircase to the Snake Pit.
 11935 | Lair:3   | Found a staircase to the Swamp.
 11983 | Lair:3   | Found a dark tunnel.
 12023 | Volcano  | Entered a volcano
 12055 | Volcano  | Found a bloodstained altar of Trog.
 12056 | Volcano  | Noticed a red draconian
 12208 | Volcano  | Killed a red draconian
 12469 | Lair:3   | Reached XP level 13. HP: 95/101 MP: 10/13
 13144 | Lair:3   | Received a gift from Trog
 13508 | Lair:4   | Reached skill level 16 in Axes
 14413 | Lair:4   | Reached skill level 10 in Fighting
 14492 | Lair:4   | Identified the +1 long sword "Noecoan" {flame, Drain rC++
                  | rCorr Stlth+}
 14798 | Lair:5   | Entered Level 5 of the Lair of Beasts
 15220 | Lair:5   | Gained mutation: You are surrounded by a strong repulsion
                  | field. (EV +4, RMsl) [demonic ancestry]
 15220 | Lair:5   | Reached XP level 14. HP: 97/110 MP: 12/14
 15447 | Lair:5   | Identified the +3 quarterstaff "Puimuafi" {heavy, rElec
                  | rC+++ Int-3 Dex-4} (Trog gifted it to you on level 5 of the
                  | Lair of Beasts)
 15447 | Lair:5   | Received a gift from Trog
 15452 | Lair:5   | Reached skill level 17 in Axes
 15452 | Lair:5   | Reached skill level 10 in Evocations
 15620 | Lair:5   | Identified the +1 plate armour of Time Monsters {rN+ Str+3
                  | Int+3}
 15713 | Lair:5   | Found a staircase to the Slime Pits.
 15713 | Lair:5   | Found a viscous altar of Jiyva.
 15941 | Lair:5   | Identified the +1 hand axe of Barosk Wuli {freeze, Fragile
                  | rPois SInv}
 16104 | Lair:5   | Identified the +4 dagger of Heffueti {flame, MP+9 Dex+2}
 16957 | Lair:5   | Received a gift from Trog
 17662 | Orc:1    | Entered Level 1 of the Orcish Mines
 17662 | Orc:1    | Found Beze's Weapon Emporium.
 17662 | Orc:1    | Found Geoxtoucs's Distillery.
 17771 | Orc:1    | Bought a potion of might for 56 gold pieces
 17771 | Orc:1    | Bought a potion of degeneration for 14 gold pieces
 18049 | Orc:1    | Found Qase's Magic Scroll Boutique.
 18055 | Orc:1    | Noticed an orc warlord
 18092 | Orc:1    | Killed an orc warlord
 18542 | Orc:1    | Found Xawo Reh's General Store.
 18549 | Orc:1    | Found Owkyetue's Book Emporium.
 18603 | Orc:1    | Bought a scroll of identify for 28 gold pieces
 18603 | Orc:1    | Bought a scroll of identify for 28 gold pieces
 18603 | Orc:1    | Bought a scroll of identify for 28 gold pieces
 18603 | Orc:1    | Bought a scroll of identify for 28 gold pieces
 18603 | Orc:1    | Bought a scroll of teleportation for 42 gold pieces
 18700 | Orc:2    | Entered Level 2 of the Orcish Mines
 18876 | Orc:2    | Reached skill level 10 in Shields
 19123 | Orc:2    | Found Jut Liqo's Antique Weapon Emporium.
 19148 | Orc:2    | Found Quick's Jewellery Shoppe.
 19221 | Orc:2    | Bought an amulet of regeneration for 450 gold pieces
 19221 | Orc:2    | Bought the ring "Noptap Kiop" {rF+++ rC+ rCorr Dex-3
                  | Stlth+} for 1036 gold pieces
 19360 | Orc:2    | Reached XP level 15. HP: 119/119 MP: 15/15
 19435 | Orc:2    | Received a gift from Trog
 19771 | Orc:2    | Reached skill level 18 in Axes
 19804 | Orc:2    | Found a staircase to the Elven Halls.
 19872 | Orc:2    | Reached skill level 1 in Shapeshifting
 20071 | Orc:2    | Reached ****** piety under Trog
 20073 | Orc:2    | Found Gaddixke's General Store.
 20222 | Orc:2    | Received a gift from Trog
 20244 | Orc:2    | Found Niraew's Armour Emporium.
 20733 | D:12     | Found a portal to a secret trove of treasure.
 20788 | D:12     | Mangled by an orc knight

Illustrated notes

Levels and vault maps discovered:
D:1:      nicolae_arrival_memento_mori, layout_basic, serial_shops, shop,
          minmay_misc_feat_room, minmay_tripent
D:2:      layout_loops_ring
D:3:      layout_loops_ring, mainiacjoe_overflow_tiny_flanked,
          mainiacjoe_overflow_surrounded_room, grunt_ministairs_4
D:4:      layout_basic
D:5:      layout_gridville, nicolae_overflow_crystal_walls, temple_green,
          chequers_serial_rivers_micro_d
D:6:      layout_rooms, nicolae_ashenzari_skybound, mainiacjoe_overflow_alcove_1
D:7:      layout_loops_corners, grunt_gozag_statues, lemuel_doored_altar,
          uniq_maggie, uniq_menkaure
D:8:      layout_basic, serial_shops, nicolae_shop_tiny_statue_garden,
          dreamdust_princess_bridge, grunt_ministairs_12,
          nicolae_transporter_circle
D:9:      layout_loops_ring, okawaru_gym_becter, erik_lair_dragon
D:10:     layout_basic, grunt_qazlal_sundering, nicolae_uskayaw_dance_hall,
          minmay_misc_feat_roman, kennysheep_generic_room_5
D:11:     layout_cave_pools
D:12:     layout_roguey, orc_0_dummy, gammafunk_ghost_fury_of_okawaru,
          nicolae_trove_entry_path_of_doom
Temple:   hellmonk_temple_two_chambers
Lair:1:   layout_chaotic_city, lemuel_fruit_fields, uniq_amaemon
Lair:2:   layout_long_grid, alex1729_snake_entry_snake
Lair:3:   layout_loops_ring, swamp_mist, nicolae_volcano_entry_two_sided
Lair:4:   layout_cave_pods, chequers_serial_rivers_micro_c, beast_lair_carwin_10
Lair:5:   hangedman_lair_caniforms_friends, layout_loops_ring,
          hangedman_lair_in_review, slime_entry_1, infiniplex_staircase_pool
Orc:1:    layout_caves, serial_shops, nicolae_book_shop_shelving, shop, shop,
          nicolae_shop_hallway_stairs, shop, mines1_david
Orc:2:    pubby_orc_utopia, serial_shops

Skill      XL: |  1  2  3  4  5  6  7  8  9 10 11 12 13 14 15 |
---------------+----------------------------------------------+-----
Axes           | 3 4 5 6 7 9 11 12 13 14 15 16 17 18 | 18.1
Evocations     | 2 4 6 8 9 11 | 11.2
Shields        | 1 4 6 7 8 10 | 10.3
Fighting       | 5 7 9 10 11 | 11.7
Shapeshifting  | 2 |  2.4
Armour         | |  1.7
Dodging        | |  1.7

Action                     |  1- 3 |  4- 6 |  7- 9 | 10-12 | 13-15 || total
---------------------------+-------+-------+-------+-------+-------++-------
  Melee: Hand axe          |   150 |    41 |    11 |       |       ||   202
         Kick              |    24 |    30 |    86 |   127 |   307 ||   574
         Punch             |     2 |       |       |     1 |       ||     3
         Dagger            |       |    85 |    99 |       |       ||   184
         War axe           |       |       |    71 |   399 |    32 ||   502
         Broad axe         |       |       |    64 |       |   867 ||   931
 Invoke: Berserk           |     1 |       |     5 |     8 |     8 ||    22
         Brothers in Arms  |       |       |       |     2 |       ||     2
         Trog's Hand       |       |       |       |       |     1 ||     1
  Evoke: Wand              |       |       |     3 |       |     1 ||     4
    Use: Scroll            |       |       |       |     2 |    24 ||    26
   Stab: Distracted        |       |       |       |       |     2 ||     2
         Invisible         |       |       |       |       |     1 ||     1
 Armour: Animal skin       |    23 |       |       |       |       ||    23
         Chain mail        |    82 |    35 |       |    18 |   626 ||   761
         Scale mail        |       |    44 |   216 |   224 |       ||   484
  Dodge: Dodged            |    76 |    58 |   110 |   177 |   405 ||   826
         Repelled          |       |       |       |       |     2 ||     2
  Block: Buckler           |       |       |       |    94 |   236 ||   330

Table legend: (Time is in decaauts)
 A = Elapsed time spent in this place.
 B = Non-inter-level travel time spent in this place.
 C = Inter-level travel time spent in this place.
 D = Time resting spent in this place.
 E = Time spent auto-exploring this place.
 F = Levels seen in this place.
 G = Mean time per level.
                   A        B        C        D        E       F      G
               +--------+--------+--------+--------+--------+-----+--------+
         Total |  20703 |  19796 |    907 |   2095 |  14442 |  21 |  985.9 |
       Dungeon |  10651 |  10070 |    581 |    939 |   7679 |  12 |  887.6 |
        Temple |      1 |      1 |      0 |      0 |      0 |   1 |    1.0 |
          Lair |   6920 |   6684 |    236 |   1028 |   4586 |   5 | 1384.0 |
  Orcish Mines |   2704 |   2615 |     89 |     19 |   2002 |   2 | 1352.0 |
       Volcano |    425 |    425 |      0 |    108 |    173 |   1 |  425.0 |
               +--------+--------+--------+--------+--------+-----+--------+

Top non-repeatable levels by time:
  Lair:5: 2442 daAuts
   Orc:2: 1868 daAuts
  Lair:4: 1637 daAuts
    D:12: 1259 daAuts
     D:8: 1190 daAuts
     D:9: 1171 daAuts
     D:7: 1077 daAuts
  Lair:2: 1019 daAuts
     D:1: 1013 daAuts
  Lair:3: 981 daAuts
  Lair:1: 839 daAuts
   Orc:1: 835 daAuts
    D:11: 802 daAuts
    D:10: 788 daAuts
     D:3: 778 daAuts
